 Dungeon Crawl Stone Soup version 0.27-a0-1200-g94dc6ad4cf (webtiles) character file.

Game seed: 16611671394146678405

25 polve the Cutter (level 2, 0/24 HPs)
             Began as a Demonspawn Abyssal Knight on May 30, 2021.
             Was a Follower of Lugonu.
             Succumbed to a gnoll's poison
             ... on level 1 of the Dungeon.
             The game lasted 00:00:36 (1054 turns).

polve the Cutter (Demonspawn Abyssal Knight)        Turns: 1054, Time: 00:00:36

Health: 0/24       AC:  3    Str: 12    XL:     2   Next: 82%
Magic:  3/3        EV: 11    Int: 13    God:    Lugonu [*.....]
Gold:   32         SH:  0    Dex: 12    Spells: 1/1 levels left

rFire    . . .     SeeInvis .   a - +1 short sword
rCold    . . .     Faith    .   (no shield)
rNeg     . . .     Spirit   .   b - +0 leather armour
rPois    .         Reflect  .   (no helmet)
rElec    .         Harm     .   (no cloak)
rCorr    .         Rampage  .   (no gloves)
Will     .....                  (no boots)
Stlth    +.........             (no amulet)
HPRegen  0.08/turn              (no ring)
MPRegen  0.08/turn              (no ring)

@: lethally poisoned (0 -> -10)
A: hooves 1
a: Renounce Religion, Depart the Abyss


You were on level 1 of the Dungeon.
You worshipped Lugonu.
Lugonu was aware of your devotion.
You visited 1 branch of the dungeon, and saw 1 of its levels.
You visited the Abyss 1 time.

You collected 32 gold pieces.

Inventory:

Hand Weapons
 a - a +1 short sword (weapon)
Armour
 b - a +0 leather armour (worn)
Scrolls
 c - a scroll of blinking {unknown}
 d - 2 scrolls of identify {unknown}
 e - a scroll of teleportation {unknown}


   Skills:
 - Level 3.0 Fighting
 + Level 3.1 Short Blades
 - Level 1.7 Armour
 - Level 0.8 Dodging
 - Level 2.4 Invocations


You had one spell level left.
You didn't know any spells.
Your spell library was empty.

Dungeon Overview and Level Annotations

Branches:
Dungeon (1/15)

Altars:


Innate Abilities, Weirdness & Mutations

You have large cloven feet.


Message History

No target in view!
No target in view!
No target in view!
No target in view!
No target in view!
No target in view!
No target in view!
No target in view!
No target in view!
No target in view!
No target in view!
No target in view!
Things that are here:
a +0 whip; 3 stones; a kobold corpse
e - a scroll labelled ENWELIUMPU A gnoll comes into view.
It is wielding a +0 spear of venom.
The gnoll shouts!
A gnoll is nearby!
The gnoll hits you with a +0 spear of venom.
You hit the gnoll but do no damage.
The gnoll hits you with a +0 spear of venom.
You closely miss the gnoll. Your kick misses the gnoll.
The gnoll closely misses you.
You closely miss the gnoll. You kick the gnoll.
The gnoll is lightly wounded.
The gnoll hits you with a +0 spear of venom!
You are lethally poisoned!
You barely miss the gnoll.
The gnoll is lightly wounded.
You feel very sick.
The gnoll hits you with a +0 spear of venom.
* * * LOW HITPOINT WARNING * * *
You closely miss the gnoll.
The gnoll is lightly wounded.
* * * LOW HITPOINT WARNING * * *
You feel very sick.
You aren't carrying any potions.
You hit the gnoll. You kick the gnoll.
The gnoll is heavily wounded.
You die...

..### #.#..
#.#.#
#...####
#...⌠.⌠#
#......#
#.⌠g_..# #
#..@...# #.
#...⌠..#
###.###
#.#.####
#.....###.#.#
#)##..#.#
#....##.#
#.###.#..##.#
#.....#..##.#
#
#..........#


You could see a gnoll.

Vanquished Creatures
  2 dart slugs (D:1)
  A giant cockroach (D:1)
  2 goblins (D:1)
  A hobgoblin (D:1)
  4 jackals (D:1)
  4 kobolds (D:1)
  A quokka (D:1)
  2 ball pythons (D:1)
  A bat (D:1)
  A rat (D:1)
19 creatures vanquished.

Notes
Turn   | Place    | Note
-------+----------+-------------------------------------------
     0 | Abyss:1  | polve the Demonspawn Abyssal Knight began the quest for the
                  | Orb.
     0 | Abyss:1  | Reached XP level 1. HP: 18/18 MP: 2/2
    41 | Abyss:1  | Noticed a ynoxinul
    42 | D:1      | Escaped the Abyss
   610 | D:1      | Gained mutation: You have large cloven feet. [demonic
                  | ancestry]
   610 | D:1      | Reached XP level 2. HP: 23/24 MP: 3/3
   674 | D:1      | Reached * piety under Lugonu
  1027 | D:1      | Found a faded altar of an unknown god.
  1054 | D:1      | Succumbed to a gnoll's poison

Illustrated notes

Levels and vault maps discovered:
D:1:      dpeg_arrival_tiny_c, layout_loops_ring,
          hellmonk_ecumenical_altar_run_dry, amcnicky_mini_corridor_feature,
          skrybe_limestone_x

Skill      XL: |  1  2 |
---------------+-------+-----
Short Blades   | 2 3 |  3.1
Fighting       | |  3.0
Armour         | |  1.7
Dodging        | |  0.8
Invocations    | |  2.4

Action                   || total
-------------------------++-------
Melee: Short sword       ||    61
       Kick              ||     9
Invok: Depart the Abyss  ||     1
  Use: Scroll            ||     1
Armor: Leather armour    ||    12
Dodge: Dodged            ||    24

Table legend: (Time is in decaauts)
 A = Elapsed time spent in this place.
 B = Non-inter-level travel time spent in this place.
 C = Inter-level travel time spent in this place.
 D = Time resting spent in this place.
 E = Time spent auto-exploring this place.
 F = Levels seen in this place.
 G = Mean time per level.
                   A        B        C        D        E       F      G
               +--------+--------+--------+--------+--------+-----+--------+
         Total |   1051 |   1051 |      0 |      0 |    948 |   2 |  525.5 |
       Dungeon |   1009 |   1009 |      0 |      0 |    908 |   1 | 1009.0 |
         Abyss |     42 |     42 |      0 |      0 |     40 |   1 |   42.0 |
               +--------+--------+--------+--------+--------+-----+--------+

Top non-repeatable levels by time:
     D:1: 1009 daAuts
 Abyss:1: 42 daAuts
